 Dungeon Crawl Stone Soup version 0.29-a0-330-g52719c12eb (webtiles) character file.

Game seed: 11010827946905643361

481 Hubjo the Sneak (level 7, 0/42 HPs)
             Began as a Gargoyle Earth Elementalist on Apr 13, 2022.
             Was an Initiate of Ignis.
             Slain by Pikel
             ... wielding a +2 whip of flaming
              (8 damage)
             ... on level 4 of the Dungeon.
             The game lasted 00:09:10 (4286 turns).

Hubjo the Sneak (Gargoyle Earth Elementalist)       Turns: 4286, Time: 00:09:13

Health: 0/42       AC:  7    Str: 11    XL:     7   Next: 12%
Magic:  6/11       EV: 11    Int: 18    God:    Ignis [......]
Gold:   104        SH:  0    Dex: 10    Spells: 11/12 levels left

rFire   + + .      SeeInvis .   j - +2 trident (vorpal)
rCold   x . .      Faith    +   l - orb {guile}
rNeg    + . .      Spirit   .   b - +0 robe
rPois   ∞          Reflect  .   (no helmet)
rElec   +          Harm     .   (no cloak)
rCorr   .          Rampage  .   (no gloves)
Will    .....                   p - +0 pair of boots
Stlth   +++.......              e - amulet of faith
HPRegen 0.14/turn               d - ring of flight
MPRegen 0.12/turn               h - ring of fire

@: flying
A: sickness immunity, AC +4, negative energy resistance 1, electricity
resistance, torment resistance 1, petrification resistance
a: Renounce Religion


You were on level 4 of the Dungeon.
You worshipped Ignis.
Ignis was noncommittal.
You visited 1 branch of the dungeon, and saw 4 of its levels.

You collected 104 gold pieces.

Inventory:

Hand Weapons
 j - a +2 vorpal trident (weapon)
 n - a +1 whip of pain
Missiles
 a - 31 stones
Armour
 b - a +0 robe (worn)
 l - an orb of guile (worn)
 p - a +0 pair of boots (worn)
Magical Staves
 k - a staff of air
Jewellery
 d - a ring of flight (left hand)
 e - an amulet of faith (around neck)
 h - a ring of fire (right hand)
Scrolls
 q - a scroll of identify
Potions
 c - a potion of magic
 f - a potion of mutation {unknown}
 i - a potion of brilliance
 r - 2 potions of heal wounds
 s - a potion of might {unknown}


   Skills:
 + Level 3.6 Fighting
 - Level 1.5 Dodging
 * Level 5.1 Stealth
 + Level 3.2 Spellcasting
 + Level 2.2 Transmutations
 + Level 5.0 Earth Magic


You had 11 spell levels left.
You knew the following spells:

 Your Spells              Type           Power      Damage    Failure   Level
a - Sandblast             Erth           42%        2d11      1%          1

Your spell library contained the following spells:

 Spells                   Type           Power      Damage    Failure   Level
 Passwall                 Tmut/Erth      12%        N/A       5%          2
 Apportation              Tloc           4%         N/A       16%         1
 Magic Dart               Conj           8%         1d3       16%         1
 Stone Arrow              Conj/Erth      22%        3d8       17%         3
 Call Imp                 Summ           2%         N/A       24%         2
 Petrify                  Tmut/Erth      15%        N/A       36%         4
 Mephitic Cloud           Conj/Pois/Air  2%         N/A       43%         3
 Alistair's Intoxication  Tmut/Pois      4%         N/A       96%         5


Dungeon Overview and Level Annotations

Branches:
Dungeon (4/15)
 Temple: D:4-7

Altars:
Qazlal
Ignis

Annotations:
D:4 Edmund, Pikel


Innate Abilities, Weirdness & Mutations

You are immune to sickness and miasma.
Your stone body is resilient. (AC +4)
You are immune to poison.
You resist negative energy. (rN+)
You are resistant to electric shocks. (rElec)
You are resistant to unholy torment.
You are immune to petrification.


Message History

The blast of sand hits Pikel.
Pikel is lightly wounded.
Pikel hits you with a +2 whip of flaming.
As you read the scroll labelled UCINGEU ROMU, it crumbles to dust.
Your body is wracked with pain!
Pikel convulses!
The gnoll convulses! x2
The worm convulses!
It was a scroll of torment.
Pikel closely misses you.
As you read the scroll labelled ZIRISI UGHO, it crumbles to dust.
It is a scroll of brand weapon.
Your +2 trident of protection emits a brilliant flash of light!
j - a +2 vorpal trident (weapon)
Pikel hits you with a +2 whip of flaming!
Pikel burns you.
* * * LOW HITPOINT WARNING * * *
It was a potion of heal wounds.
You feel much better.
Pikel hits you with a +2 whip of flaming.
You completely miss Pikel.
Pikel is heavily wounded.
Pikel hits you with a +2 whip of flaming!
You closely miss Pikel.
Pikel is heavily wounded.
Pikel hits you but does no damage.
You hit Pikel but do no damage.
Pikel is heavily wounded.
Pikel barely misses you.
You hit Pikel.
Pikel is severely wounded.
Pikel hits you with a +2 whip of flaming. x2
You miss Pikel.
Pikel is severely wounded.
Pikel hits you with a +2 whip of flaming.
* * * LOW HITPOINT WARNING * * *
Casting: Sandblast (safe; 1% risk of failure)
Confirm with . or Enter, or press ? or * to list all spells.
Aiming: Sandblast (safe; 1% risk of failure)
Press: ? - help, Shift-Dir - straight line, f/p - Pikel
Aim: Pikel, wielding a +2 whip of flaming and wearing a +0 robe (severely wounded, 76% to hit)
The blast of sand hits Pikel but does no damage.
Pikel is severely wounded.
Pikel hits you with a +2 whip of flaming!
You die...

..#.# #..#
...... .##.#
#..# #..# #
#.# #..# # ..#
#... ##w .##
.. #55 . ...
#. #g# .... #.
#g#
....##.###K#
.........##@#
....>...#..#
........#.## #
#........# .
#.#.......##
#..#.#......##
............#
.#....).#
#..)...##


You could see Pikel, 2 lemures, a worm and 2 gnolls.

Vanquished Creatures
  Sigmund (D:4)
  A sky beast (D:4)
  A phantom (D:4)
  An iguana (D:4)
  Robin (D:2)
  4 gnolls
  2 adders
  3 worms (D:2)
  2 dart slugs
  An orc (D:4)
  3 endoplasms
  3 giant cockroaches
  10 goblins (D:2)
  5 hobgoblins
  4 quokkas
  6 ball pythons
  2 bats (D:1)
  A frilled lizard (D:3)
  5 kobolds
  5 rats
61 creatures vanquished.

Vanquished Creatures (others)
  59 foxfires
59 creatures vanquished.

Grand Total: 120 creatures vanquished

Notes
Turn   | Place    | Note
-------+----------+-------------------------------------------
     0 | D:1      | Hubjo the Gargoyle Earth Elementalist began the quest for
                  | the Orb.
     0 | D:1      | Reached XP level 1. HP: 10/10 MP: 3/3
   347 | D:1      | Found a faded altar of an unknown god.
   428 | D:1      | Reached XP level 2. HP: 7/16 MP: 3/5
   704 | D:1      | Reached skill level 1 in Transmutations
  1547 | D:1      | Prayed at the altar of an unknown god.
  1547 | D:1      | Became a worshipper of Ignis, the Dying Flame
  1610 | D:1      | Reached skill level 1 in Fighting
  1618 | D:1      | Reached XP level 3. HP: 2/20 MP: 6/6
  2480 | D:2      | Noticed Robin
  2487 | D:2      | Reached XP level 4. HP: 24/26 MP: 7/7
  2492 | D:2      | Killed Robin
  3130 | D:3      | Found a stormy altar of Qazlal.
  3536 | D:4      | Noticed a phantom
  3548 | D:4      | Killed a phantom
  3549 | D:4      | Reached XP level 5. HP: 13/31 MP: 5/9
  3961 | D:4      | Noticed a lemure
  3964 | D:4      | Noticed a lemure
  3964 | D:4      | Noticed Pikel
  3973 | D:4      | Noticed Sigmund
  3981 | D:4      | Noticed Edmund
  4058 | D:4      | Noticed a sky beast
  4065 | D:4      | Killed a sky beast
  4066 | D:4      | Reached XP level 6. HP: 26/37 MP: 7/10
  4172 | D:4      | Killed Sigmund
  4173 | D:4      | Reached skill level 5 in Stealth
  4173 | D:4      | Reached skill level 5 in Earth Magic
  4173 | D:4      | Reached XP level 7. HP: 33/41 MP: 4/11
  4286 | D:4      | Slain by Pikel

Illustrated notes

Levels and vault maps discovered:
D:1:      dpeg_arrival_long_road, layout_rooms, ebering_ecumenical_altar_box
D:2:      layout_rooms, grunt_decor_fettered, uniq_robin
D:3:      layout_basic, old_standard_altar, serial_curves, eino_curves_03,
          eino_curves_03
D:4:      layout_rooms, nzn_overflow_gifts_of_might_and_magic,
          nemelex_dance_club_becter, uniq_edmund, uniq_sigmund, uniq_pikel

Skill      XL: |  1  2  3  4  5  6 |
---------------+-------------------+-----
Transmutations | 1 2 |  2.2
Fighting       | 1 2 3 |  3.6
Earth Magic    | 4 5 |  5.0
Stealth        | 3 4 5 |  5.1
Spellcasting   | 3 |  3.2
Dodging        | |  1.5

Action                   |  1- 3 |  4- 6 |  7- 9 || total
-------------------------+-------+-------+-------++-------
Melee: Unarmed           |    71 |       |       ||    71
       Trident           |       |   104 |     7 ||   111
 Cast: Sandblast         |    21 |    17 |     7 ||    45
Invok: Foxfire Swarm     |     4 |     3 |       ||     7
       Fiery Armour      |     1 |       |       ||     1
       Rising Flame      |       |     1 |       ||     1
  Use: Scroll            |     2 |     3 |     2 ||     7
       Potion            |     2 |       |     1 ||     3
 Stab: Sleeping          |     2 |     7 |       ||     9
       Invisible         |     2 |       |       ||     2
Armor: Robe              |    52 |    44 |     2 ||    98
Dodge: Dodged            |    79 |    65 |     4 ||   148

Table legend: (Time is in decaauts)
 A = Elapsed time spent in this place.
 B = Non-inter-level travel time spent in this place.
 C = Inter-level travel time spent in this place.
 D = Time resting spent in this place.
 E = Time spent auto-exploring this place.
 F = Levels seen in this place.
 G = Mean time per level.
                   A        B        C        D        E       F      G
               +--------+--------+--------+--------+--------+-----+--------+
         Total |   4322 |   4269 |     53 |    897 |   2673 |   4 | 1080.5 |
       Dungeon |   4322 |   4269 |     53 |    897 |   2673 |   4 | 1080.5 |
               +--------+--------+--------+--------+--------+-----+--------+

Top non-repeatable levels by time:
     D:1: 2012 daAuts
     D:3: 852 daAuts
     D:2: 751 daAuts
     D:4: 707 daAuts
